Map: Sequencer LE

Players

Nerchio - Winner!

  • Race: Zerg Zerg
  • Spawn Location: 7:00

thermy (uThermal)

  • Race: Terran Terran
  • Spawn Location: 1:00

Event: WCS Valencia 2017

VOD

Have the link to the VOD?

Description

Time

  • Played on: July 13, 2017, 1:55 p.m.
  • Length: 14:43

All games in this series

Show
View Real Time Build Order
Export as new Build Order

Nerchio Zerg - Winner!

Build Orders: Pool First 

Get SALT Encoding   

  12  0:00  Drone  
  13  0:13  Overlord  
  13  0:17  Drone  
  14  0:31  Drone x2  
  14  0:34  Drone  
  17  0:41  Extractor  
  16  0:45  Drone  
  17  0:50  Spawning Pool  
  17  0:56  Drone  
  17  1:18  Hatchery  
  16  1:22  Drone  
  17  1:36  Queen  
  17  1:37  Zergling x2  
  20  1:44  Metabolic Boost  
  20  1:48  Drone  
  20  1:52  Drone  
  22  1:59  Overlord  
  22  2:16  Queen  
  22  2:17  Drone x2  
  22  2:22  Drone  
  27  2:30  Queen  
  27  2:32  Drone  
  27  2:33  Drone  
  31  2:43  Zergling x2  
  31  2:45  Zergling x6  
  31  2:51  Overlord  
  34  3:00  Zergling x2  
  34  3:01  Overlord  
  35  3:10  Drone x2  
  37  3:18  Drone x4  
  41  3:23  Zergling x2  
  41  3:26  Zergling x2  
  43  3:30  Queen  
  43  3:32  Overlord  
  45  3:35  Zergling x2  
  46  3:49  Hatchery, Drone  
  46  3:50  Drone  
  44  3:56  Drone  
  44  3:59  Drone  
  44  4:02  Drone  
  44  4:07  Drone  
  43  4:10  Drone  
  43  4:12  Drone  
  45  4:18  Drone  
  45  4:19  Evolution Chamber  
  45  4:22  Zergling x4  
  47  4:24  Zergling x2  
  48  4:31  Zergling x2  
  48  4:35  Drone  
  48  4:37  Drone x2  
  48  4:38  Drone x3  
  53  4:39  Drone  
  53  4:42  Overlord  
  56  4:49  Drone  
  57  4:53  Overlord  
  57  4:56  Overlord  
  57  5:06  Drone x5  
  62  5:07  Overlord  
  62  5:08  Drone x2  
  62  5:09  Drone  
  62  5:12  Drone  
  62  5:13  Zerg Ground Armor Level 1  
  66  5:18  Drone  
  66  5:19  Evolution Chamber  
  66  5:23  Overlord  
  66  5:28  Queen  
  68  5:29  Extractor, Drone  
  68  5:30  Drone  
  68  5:31  Overlord  
  68  5:33  Drone  
  68  5:34  Drone  
  68  5:35  Drone  
  72  5:38  Drone x2  
  72  5:39  Drone  
  72  5:40  Drone  
  76  5:43  Extractor  
  76  5:46  Zerg Melee Weapons Level 1  
  76  5:57  Drone x3  
  76  5:59  Queen x2  
  76  6:00  Baneling Nest, Drone  
  76  6:01  Drone x2  
  84  6:06  Overlord x2  
  84  6:12  Zergling x2  
  84  6:13  Zergling x10  
  84  6:15  Zergling x4  
  92  6:22  Hatchery  
  92  6:25  Lair  
  91  6:27  Zergling x4  
  91  6:30  Zergling x6  
  96  6:34  Extractor x2  
  96  6:35  Extractor  
  93  6:40  Drone x7  
  93  6:44  Baneling  
  93  6:45  Baneling x9  
  93  6:46  Zergling x2  
  101  6:48  Zergling x4  
  101  6:51  Zergling x4  
  101  6:54  Zergling x2  
  106  6:57  Overlord  
  101  7:09  Drone x5  
  101  7:10  Drone  
  101  7:14  Overlord  
  106  7:15  Overlord  
  106  7:21  Overlord  
  106  7:22  Zerg Ground Armor Level 2  
  106  7:24  Centrifical Hooks  
  106  7:25  Hydralisk Den  
  106  7:26  Queen  
  106  7:27  Drone x3  
  106  7:28  Drone  
  106  7:29  Drone  
  112  7:30  Drone x2  
  112  7:35  Zergling x6  
  117  7:37  Zergling x2  
  117  7:42  Zergling x2  
  119  7:46  Zergling x6, Zerg Melee Weapons Level 2  
  119  7:47  Extractor  
  119  7:49  Baneling x7  
  121  7:56  Hydralisk, Muscular Augments  
  121  7:57  Hydralisk  
  125  8:03  Hydralisk  
  125  8:04  Hydralisk  
  129  8:07  Hydralisk  
  129  8:11  Hydralisk  
  129  8:12  Overlord  
  131  8:19  Hydralisk x2  
  128  8:20  Hydralisk  
  128  8:22  Zergling x10  
  128  8:23  Zergling x2  
  128  8:24  Hydralisk x2  
  143  8:28  Hydralisk  
  145  8:36  Zergling x12  
  145  8:38  Baneling x7  
  145  8:39  Hydralisk  
  153  8:45  Infestation Pit  
  146  8:54  Pneumatized Carapace  
  135  8:56  Overseer  
  135  8:57  Zergling x8  
  135  8:58  Zergling x14, Overlord x2  
  135  9:00  Overlord  
  135  9:01  Overlord  
  146  9:03  Zergling x4  
  146  9:05  Zergling x2  
  146  9:06  Zergling x2  
  146  9:09  Zergling x2  
  151  9:11  Overlord x2  
  151  9:16  Overlord  
  151  9:17  Zergling x2  
  151  9:22  Hydralisk x3  
  151  9:23  Hydralisk  
  157  9:24  Zergling x4  
  157  9:25  Zergling x2, Baneling  
  157  9:27  Zergling x2  
  157  9:28  Zergling x2  
  162  9:33  Zergling x10  
  167  9:38  Hive  
  167  9:42  Zergling x8  
  171  9:50  Zergling x12  
  171  9:51  Zergling x2  
  168  9:58  Hydralisk x4  
  170  10:04  Baneling x3  
  170  10:05  Baneling x6  
  170  10:06  Zergling x6  
  172  10:07  Zergling x2  
  172  10:11  Zergling x8  
  177  10:15  Zergling x8  
  180  10:22  Zergling x12  
  180  10:26  Hydralisk  
  168  10:31  Zergling x2  
  168  10:32  Baneling x3  
  168  10:33  Baneling x3  
  168  10:34  Hydralisk  
  168  10:35  Hydralisk  
  164  10:38  Hydralisk x2  
  162  10:43  Baneling x6  
  162  10:45  Zergling x10  
  162  10:49  Zergling x6  
  154  10:54  Hydralisk x2  
  146  11:00  Ultralisk Cavern  
  146  11:02  Zergling x2  
  146  11:03  Zergling x4  
  131  11:08  Zerg Melee Weapons Level 3  
  129  11:11  Zergling x10  
  129  11:12  Zergling x2  
  129  11:13  Zergling x2  
  129  11:14  Baneling x3  
  136  11:22  Zerg Ground Armor Level 3  
  136  11:23  Baneling  
  136  11:24  Baneling  
  136  11:25  Zergling x6  
  139  11:27  Zergling x2  
  139  11:29  Zergling x4  
  139  11:32  Zergling x6  
  145  11:34  Baneling x4  
  145  11:36  Zergling x2  
  145  11:37  Zergling x4  
  148  11:51  Chitinous Plating  
  148  11:53  Ultralisk x2  
  159  12:07  Ultralisk  
  164  12:08  Hatchery  
  164  12:14  Ultralisk  
  168  12:27  Ultralisk x2  
  177  12:37  Zergling x6  
  177  12:38  Baneling x13  
  177  12:43  Zergling x2  
  177  12:44  Zergling x2  
  182  12:46  Zergling x2  
  182  12:48  Zergling x4  
  182  12:51  Zergling x4  
  186  12:56  Baneling  
  186  12:57  Baneling x9  
  186  12:58  Baneling  
  181  13:05  Zergling x10  
  186  13:11  Zergling x2  
  186  13:12  Zergling x8  
  178  13:27  Infestor x2  
  178  13:33  Zergling x6  
  178  13:34  Zergling x8  
  189  13:43  Baneling x4  
  189  13:44  Baneling x4, Zergling x2  
  189  13:45  Zergling x6  
  193  13:51  Zergling x10  
  198  14:02  Zergling x8  
  196  14:14  Spire  
  195  14:23  Zergling x2  
  195  14:24  Zergling x16  
  195  14:26  Zergling x10  
Show
View Real Time Build Order
Export as new Build Order

thermy Terran 

Build Orders: MMM Bio 

Get SALT Encoding   

  12  0:01  SCV  
  13  0:13  SCV  
  14  0:17  Supply Depot  
  14  0:26  SCV  
  15  0:38  SCV  
  15  0:39  Barracks  
  16  0:45  Refinery  
  16  0:50  SCV  
  17  1:01  Barracks  
  17  1:05  SCV  
  18  1:17  SCV  
  19  1:28  Reaper  
  19  1:29  Orbital Command  
  20  1:37  Barracks  
  20  1:43  Refinery  
  20  1:48  Reaper  
  21  1:55  Supply Depot  
  21  2:03  SCV  
  21  2:05  Reaper  
  23  2:17  SCV  
  23  2:22  Reaper  
  25  2:25  Reaper  
  25  2:26  Supply Depot  
  25  2:29  SCV  
  27  2:37  Reaper  
  27  2:43  SCV  
  29  2:54  Reaper  
  29  2:55  SCV  
  31  2:59  Reaper  
  31  3:01  Command Center  
  32  3:09  Reaper  
  32  3:10  SCV  
  34  3:26  SCV  
  35  3:27  Factory  
  35  3:29  Supply Depot, Reaper  
  36  3:38  SCV, Reaper  
  38  3:47  Reaper  
  39  3:51  SCV  
  36  4:03  SCV, Reaper  
  36  4:13  Orbital Command  
  36  4:15  SCV  
  37  4:18  Barracks Tech Lab  
  37  4:20  Reaper  
  37  4:22  Command Center  
  38  4:27  SCV  
  39  4:35  Marine  
  39  4:37  Stimpack, Marine  
  41  4:39  SCV  
  41  4:40  SCV  
  43  4:51  SCV  
  43  4:52  SCV, Starport  
  45  4:53  Marine  
  45  4:54  Marine  
  45  4:55  Marine  
  45  4:57  Factory Reactor  
  48  5:03  SCV  
  48  5:04  SCV  
  50  5:11  Marine  
  50  5:12  Marine, Engineering Bay  
  50  5:13  Engineering Bay  
  50  5:14  Refinery  
  52  5:15  Refinery  
  52  5:17  SCV, Supply Depot  
  52  5:18  Marine  
  52  5:21  SCV  
  55  5:29  Marine x2, SCV  
  55  5:34  Supply Depot  
  58  5:36  Orbital Command  
  58  5:37  SCV  
  58  5:41  Medivac  
  61  5:43  Medivac  
  61  5:45  SCV  
  61  5:49  Marine x2, SCV  
  67  5:51  Marine  
  67  5:54  Terran Infantry Weapons Level 1  
  68  5:57  Terran Infantry Armor Level 1  
  68  5:59  SCV  
  68  6:01  SCV  
  68  6:03  SCV  
  71  6:10  Supply Depot  
  71  6:11  Marine, SCV  
  74  6:13  Barracks Reactor x2  
  74  6:14  SCV  
  74  6:17  SCV  
  75  6:23  SCV  
  76  6:25  Barracks  
  76  6:26  Barracks  
  76  6:27  SCV, Armory  
  76  6:31  Marine  
  76  6:32  Factory Reactor, Supply Depot  
  78  6:35  SCV x2  
  80  6:40  Combat Shields  
  80  6:43  SCV  
  80  6:44  Supply Depot  
  81  6:47  SCV  
  81  6:48  SCV  
  81  6:49  Marine  
  81  6:51  Marine  
  81  6:52  Marine  
  86  6:55  SCV  
  89  7:07  Marine x2  
  87  7:08  Widow Mine  
  87  7:09  Widow Mine  
  87  7:14  Barracks Reactor x2, Medivac  
  87  7:15  Barracks, Medivac  
  91  7:16  Barracks  
  91  7:17  Barracks  
  91  7:18  Marine  
  91  7:22  Marine  
  93  7:23  Marine  
  93  7:25  Marine  
  93  7:26  Marine  
  93  7:27  Supply Depot  
  96  7:35  Marine  
  97  7:37  Widow Mine x2  
  97  7:39  Supply Depot  
  97  7:40  Marine x2, Supply Depot  
  97  7:43  Marine  
  104  7:44  Marine, Medivac  
  104  7:45  Medivac  
  109  7:51  Marine  
  109  7:53  Marine, Terran Infantry Weapons Level 2  
  109  7:55  Terran Infantry Armor Level 2  
  109  7:56  Marine  
  109  7:57  Marine  
  113  7:58  Marine  
  113  8:02  Marine x2  
  113  8:03  Marine x2  
  117  8:07  SCV x2  
  120  8:13  Marine x2  
  120  8:17  Marine x2  
  124  8:21  Barracks Tech Lab  
  124  8:22  Barracks Tech Lab x2  
  124  8:24  Marine x2  
  124  8:25  Medivac x2  
  131  8:29  Marine x2  
  131  8:30  Supply Depot  
  131  8:32  Supply Depot  
  131  8:33  Marine, Supply Depot  
  131  8:34  Marauder  
  134  8:38  Widow Mine x2  
  138  8:42  Marauder, Marine  
  138  8:48  Marine  
  141  8:52  Marauder x2, Marine x3  
  141  8:54  Supply Depot  
  141  8:55  Marine x2  
  150  8:57  Concussive Shells  
  150  8:58  Marine  
  150  9:01  Marine x2  
  77  9:02  Medivac  
  153  9:05  Medivac  
  153  9:08  Marine  
  153  9:09  Marauder  
  160  9:10  Marine  
  161  9:20  Marauder, Marine x2, Supply Depot  
  161  9:21  Supply Depot x2  
  161  9:23  Marine x2  
  165  9:25  Marine  
  165  9:26  Marine  
  165  9:27  Marine  
  165  9:30  Marine  
  165  9:31  Marauder  
  169  9:32  Medivac  
  169  9:33  Marine  
  169  9:37  Marine  
  173  9:41  Marine  
  173  9:42  Marauder x2  
  173  9:43  Marine  
  179  9:50  Marine x2  
  179  9:51  Marine x3  
  179  9:52  Marauder, Marine  
  175  9:55  Marine  
  175  9:59  Marine  
  172  10:01  Marine  
  172  10:02  Medivac x2  
  172  10:03  Marine x2  
  179  10:08  Marine x3  
  179  10:09  Marine  
  179  10:10  Marauder  
  179  10:13  Marauder  
  187  10:21  Marauder  
  172  10:30  Marine  
  172  10:31  Marauder, Marine x3  
  172  10:32  Marauder, Marine x2, Medivac  
  172  10:34  Marauder, Marine x2  
  168  10:39  Medivac  
  168  10:42  Marauder  
  171  10:48  Marine  
  153  10:52  Marauder  
  153  10:53  Marauder, Marine x2  
  153  10:55  Marine x4  
  153  10:56  Marauder, Marine  
  135  11:04  Marauder  
  123  11:06  Marine  
  118  11:11  Marine  
  118  11:14  Marauder, Terran Infantry Weapons Level 3, Marine  
  118  11:17  Marine  
  118  11:18  Marine  
  127  11:20  Marine  
  127  11:22  Marine x2  
  131  11:28  Marine  
  131  11:29  Orbital Command  
  132  11:33  Marine x2  
  132  11:34  Marauder  
  132  11:36  Terran Infantry Armor Level 3  
  132  11:37  Marine x2  
  132  11:47  Marine  
  132  11:48  Marauder x2, Marine  
  132  11:53  Marauder, Marine x2  
  142  11:54  Marine  
  142  12:00  Marauder  
  148  12:09  Marauder  
  148  12:10  Marauder  
  149  12:20  Barracks Tech Lab x2  
  149  12:21  Barracks Tech Lab  
  149  12:22  Barracks Tech Lab  
  149  12:25  Marauder x2  
  149  12:27  Refinery  
  153  12:30  Marauder  
  153  12:31  Marauder  
  153  12:32  Missile Turret  
  153  12:33  Bunker  
  157  12:39  Supply Depot  
  157  12:40  Marauder x2  
  157  12:41  Marine x2  
  163  12:46  Marauder x2  
  167  12:52  Marauder, Marine  
  165  13:00  Marauder x2  
  165  13:01  Marauder  
  170  13:13  Marine  
  170  13:14  Marauder  
  170  13:19  Marauder, Marine  
  176  13:24  Marauder  
  176  13:25  Marauder, Marine  
  176  13:26  Marine  
  179  13:32  Marauder, Medivac x2  
  185  13:35  Marauder  
  185  13:37  Marine  
  185  13:41  Marauder  
  190  13:42  Marine  
  190  13:45  Marauder  
  190  13:46  Marauder, Marine  
  195  13:53  Marauder  
  195  13:54  Marine  
  198  13:56  Marine  
  198  14:00  Marine  
Tags
 
Add a new tag
Caveats
  • Supply blocks, unpowered buildings, or Contaminate may cause inaccurate times.
  • Supply counts are checked every 10 seconds.